 Dungeon Crawl Stone Soup version 0.20.1-1-g8b1a95d (webtiles) character file.

124315 polve the Severer (level 16, -6/155 HPs)
             Began as a Hill Orc Berserker on July 10, 2017.
             Was the Champion of Trog.
             Killed from afar by a fire dragon (27 damage)
             ... with a blast of flame
             ... on level 1 of the Depths.
             The game lasted 00:51:55 (35680 turns).

polve the Severer (Hill Orc Berserker)             Turns: 35680, Time: 00:51:55

Health: -6/155     AC: 28    Str: 18    XL:     16   Next: 92%
Magic:  20/20      EV: 15    Int: 15    God:    Trog [******]
Gold:   2179       SH:  0    Dex: 21    Spells: 15/15 levels left

rFire    . . .     SeeInvis +   a - +10 battleaxe of the Equinox {flame, +Blink Str-4 Int+6 Dex+3}
rCold    + + .     Gourm    .   (shield currently unavailable)
rNeg     + . .     Faith    .   V - +0 storm dragon scales
rPois    +         Spirit   .   Q - +2 hat
rElec    +         Reflect  .   u - +2 cloak {MR+}
rCorr    .         Harm     .   q - +0 pair of gloves {Dex+3}
MR       ++...                  e - +2 pair of boots of Mezcal {rC+ Int+2}
Stlth    ..........             (no amulet)
Regen    0.4/turn               T - ring "Xyulyz" {rPois rC+ rN+}
MPRegen  0.2/turn               G - ring of see invisible

@: berserk cooldown, very slightly contaminated, slowed, very slow
A: hooves 1, poison resistance, MP-powered wands
a: Berserk, Trog's Hand, Brothers in Arms, Burn Spellbooks, Renounce Religion,
Evoke Blink


You were on level 1 of the Depths.
You worshipped Trog.
Trog was exalted by your worship.
You were very hungry.

You visited 4 branches of the dungeon, and saw 24 of its levels.
You also visited: Labyrinth and Ice Cave.

You collected 3281 gold pieces.
You spent 1102 gold pieces at shops.

Inventory:

Hand Weapons
 a - the +10 battleaxe of the Equinox (weapon) {flame, +Blink Str-4 Int+6 Dex+3}
   (Trog gifted it to you on level 15 of the Dungeon)

   It has been specially enchanted to burn those struck by it, causing extra
   injury to most foes and up to half again as much damage against particularly
   susceptible opponents.
   Big, fiery blades are also staple armaments of hydra-hunters.
   It affects your strength (-4).
   It affects your intelligence (+6).
   It affects your dexterity (+3).
   It lets you blink.
 b - the +12 battleaxe of Springtime {antimagic, rElec Str+4 Int+4}
   (Trog gifted it to you on level 1 of the Depths)

   It reduces the magical energy of the wielder, and disrupts the spells and
   magical abilities of those hit.
   Natural abilities and divine invocations are not affected.
   It affects your strength (+4).
   It affects your intelligence (+4).
   It insulates you from electricity.
Armour
 e - the +2 pair of boots of Mezcal (worn) {rC+ Int+2}
   (You bought it in a shop on level 2 of the Orcish Mines)

   It affects your intelligence (+2).
   It protects you from cold.
 q - a +0 pair of gloves of dexterity (worn)
 u - a +2 cloak of magic resistance (worn)
 v - +0 fire dragon scales
 Q - a +2 hat (worn)
 V - +0 storm dragon scales (worn)
Jewellery
 G - a ring of see invisible (right hand)
 S - an uncursed ring of flight
 T - the ring "Xyulyz" (left hand) {rPois rC+ rN+}
   (You found it in a labyrinth)

   [ring of protection from cold]

   It protects you from cold.
   It protects you from poison.
   It protects you from negative energy.
Wands
 i - a wand of iceblast (5/15)
 w - a wand of iceblast (8/15)
 D - a wand of acid (7/15)
 F - a wand of confusion (27/48)
 H - a wand of paralysis (18/24)
 K - a wand of iceblast (12/15)
 P - a wand of acid (7/15)
 U - a wand of flame (22/48)
Scrolls
 d - 3 scrolls of enchant weapon
 g - 9 scrolls of teleportation
 h - 5 scrolls of enchant armour
 j - a scroll of brand weapon {unknown}
 k - 8 scrolls of remove curse
 l - 8 scrolls of recharging
 m - 8 scrolls of magic mapping
 n - 4 scrolls of identify
 s - a scroll of random uselessness {unknown}
 y - 3 scrolls of fear {unknown}
 L - a scroll of fog
Potions
 o - a potion of resistance {unknown}
 r - 3 potions of magic
 t - 5 potions of heal wounds
 x - 3 potions of haste
 z - 2 potions of brilliance {unknown}
 A - 2 potions of ambrosia
 C - 4 potions of might
 E - 8 potions of curing
 I - 6 potions of cancellation
 J - 4 potions of flight
 N - 2 potions of agility {unknown}
 R - 2 potions of mutation {unknown}
Books
 O - a book of Necromancy

   Spells                             Type                      Level
   a - Pain                           Necromancy                   1
   b - Animate Skeleton               Necromancy                   1
   c - Vampiric Draining              Necromancy                   3
   d - Regeneration                   Charms/Necromancy            3
   e - Animate Dead                   Necromancy                   4
   f - Control Undead                 Necromancy                   4
   Trog disapproves of the use of such an item.
Comestibles
 c - 11 bread rations
 f - 19 royal jellies
 p - 18 fruits
 B - 16 meat rations
 W - 11 chunks of flesh


   Skills:
 * Level 17.1 Fighting
 + Level 20.9 Axes
 + Level 15.7 Armour
 - Level 10.0 Dodging
 - Level 6.0 Evocations


You had 15 spell levels left.
You didn't know any spells.

Dungeon Overview and Level Annotations

Branches:
Dungeon (15/15)            Temple (0/1) D:5            Lair (6/6) D:8
 Shoals (0/4) Lair:2        Snake (0/4) Lair:4        Slime (0/5) Lair:5
    Orc (2/2) D:9             Elf (0/3) Orc:2        Vaults (0/5) D:13
 Depths (1/5) D:15

Altars:
Ashenzari
Cheibriados
Dithmenos
Fedhas
Hepliaklqana
Kikubaaqudgha
Makhleb
Nemelex Xobeh
Ru
Sif Muna
Trog
Uskayaw
Xom
Yredelemnul
Zin
The Shining One
Beogh

Shops:
D:4 (   D:6 ::*   D:7 [   D:8 **   D:14 *   Orc:1 ?![(   Orc:2 ![%(

Portals:
Trove: D:10 (give 7 potions of agility)

Annotations:
D:14 exclusions: ice statue, obsidian statue and 2 oklob plants
Lair:5 exclusion: 3 oklob plants


Innate Abilities, Weirdness & Mutations

You have large cloven feet.
Your system is resistant to poisons. (rPois)
You expend magic power (3 MP) to strengthen your wands.


Message History

The fire dragon is lightly wounded.
You slice the ice dragon!! You burn the ice dragon!
You barely miss the fire dragon.
You are no longer berserk.
You are exhausted.
You feel yourself slow down.
The rakshasa hits you but does no damage.
The ice dragon breathes frost at you. The blast of cold hits you! You resist.
* * * LOW HITPOINT WARNING * * *
Okay, then.
Blink to where?
Press: ? - help, Dir - move target cursor You are very lightly contaminated with residual magic.
As you read the scroll of blinking, it crumbles to dust.
As you read the scroll of fog, it crumbles to dust.
The scroll dissolves into smoke.
The fire dragon breathes flames at you. The blast of flame hits you!
You die...

#..........#............
#.##........§§..........
#.###......§§##########. #.#
#.....§§§# #.###......§D#
#..#........D# .
#............# #.....?
##...........# #......
#..........@# #..^...
##..........# #......
#...........# #......
#...........####++####......
#...........................
#...........................
##...........................
#............................
#####.............<.)........


You could see a fire dragon and an ice dragon.

Vanquished Creatures
  A tengu reaver (D:15)
  A storm dragon (D:15)
  An orc warlord (Orc:2)
  A fire giant (D:15)
  2 frost giants
  A juggernaut zombie (Depths:1)
  A very ugly thing (Depths:1)
  2 stone giants (Depths:1)
  An ettin (Orc:2)
  A minotaur (Lab)
  A fire dragon (Lair:6)
  Josephine (D:15)
  Fannar (Lair:3)
  An ice dragon (Depths:1)
  A vault guard (D:13)
  2 catoblepae (Lair:6)
  3 centaur warriors
  9 hydras
  A tengu warrior (Depths:1)
  10 two-headed ogres
  An ogre mage (Depths:1)
  A deep troll earth mage (D:15)
  10 death yaks
  An orc high priest (Orc:2)
  A shadow wraith (D:13)
  A fire crab (shapeshifter) (Depths:1)
  An unseen horror (D:15)
  Pikel (D:5)
  A deep troll (D:15)
  3 lindwurms (Lair:6)
  2 orc knights
  A necromancer (Depths:1)
  2 deep elf magi
  4 manticores
  6 orc sorcerers
  11 ugly things
  An ice statue (IceCv)
  5 centaur zombies
  2 elephants (Lair:6)
  6 torpor snails (Lair:6)
  3 cyclopes
  7 black mambas
  3 gargoyles
  10 spiny frogs
  7 rime drakes
  4 centaur skeletons
  2 kobold demonologists (D:14)
  An efreet (D:14)
  6 komodo dragons
  8 yaktaurs
  2 tengu conjurers (D:13)
  A queen bee (shapeshifter) (D:13)
  A troll (shapeshifter) (D:14)
  A guardian mummy (D:10)
  2 minotaur zombies (Lab)
  16 polar bears
  7 hornets
  A hornet (shapeshifter) (Depths:1)
  16 trolls
  4 tyrant leeches (Lair:6)
  19 blink frogs
  An ice dragon zombie (Depths:1)
  7 slime creatures
  9 dream sheep
  9 hippogriffs
  2 shadows
  2 vampires (D:15)
  A centaur simulacrum (D:15)
  A deep troll skeleton (Depths:1)
  3 wyverns
  52 yaks
  5 wraiths
  3 hungry ghosts
  6 basilisks
  4 vampire mosquitoes (D:15)
  An acid dragon (D:12)
  Edmund (D:5)
  2 wargs
  2 soldier ants (D:9)
  14 water moccasins
  11 porcupines
  An eye of draining (D:8)
  2 slaves (D:5)
  A hornet zombie (D:15)
  7 ice beasts
  A sky beast (shapeshifter) (Depths:1)
  6 black bears
  42 orc warriors
  4 sky beasts
  2 phantoms
  A necrophage (D:8)
  14 centaurs
  19 wolves
  16 crocodiles
  10 ogres
  4 big kobolds
  16 bullfrogs
  Blork the orc (D:5)
  A wyvern zombie (D:14)
  A water moccasin zombie (D:11)
  An earth elemental (Lab)
  2 gnoll sergeants
  8 scorpions
  2 wyvern skeletons
  21 killer bees
  3 wights (D:7)
  2 howler monkeys (D:12)
  A spriggan skeleton (Lab)
  7 crimson imps
  2 bullfrog zombies
  A quasit (D:10)
  5 hounds
  19 orc priests
  Crazy Yiuf (D:6)
  6 jellies
  21 orc wizards
  4 bullfrog skeletons
  4 iguanas
  14 worker ants
  A hell rat (Lair:6)
  A killer bee zombie (D:9)
  2 hound zombies
  A hound skeleton (D:9)
  3 worker ant zombies
  9 gnolls
  16 adders
  3 shadow imps
  3 white imps (D:14)
  3 oozes
  An adder skeleton (D:5)
  3 worms
  4 dart slugs
  8 leopard geckos
  95 orcs
  A ball python (D:5)
  9 bats
  6 giant cockroaches
  2 goblins (D:1)
  6 hobgoblins
  6 jackals
  17 kobolds
  3 quokkas
  3 frilled lizards
  A giant cockroach zombie (D:5)
  A leopard gecko skeleton (D:6)
  A quokka skeleton (D:8)
  10 rats
  7 fungi
  6 plants
865 creatures vanquished.

Vanquished Creatures (collateral kills)
  A hydra (Lair:1)
1 creature vanquished.

Vanquished Creatures (others)
  A hydra (Lair:5)
  2 death yaks (IceCv)
  A yak (IceCv)
  A bullfrog (Lair:5)
  A crimson imp (D:5)
  A leopard gecko (D:5)
  15 fungi
  24 plants
46 creatures vanquished.

Grand Total: 912 creatures vanquished

Notes
Turn   | Place    | Note
-------+----------+-------------------------------------------
     0 | D:1      | polve the Hill Orc Berserker began the quest for the Orb.
     0 | D:1      | Reached XP level 1. HP: 19/19 MP: 1/1
   302 | D:1      | Reached XP level 2. HP: 25/27 MP: 2/2
   654 | D:1      | Reached skill level 5 in Axes
   654 | D:1      | Reached XP level 3. HP: 29/33 MP: 3/3
   983 | D:1      | Reached ** piety under Trog
  1280 | D:2      | Noticed a hand axe
  1280 | D:2      | Noticed a dagger
  1310 | D:2      | Found a hide-covered altar of Uskayaw.
  1450 | D:2      | Found a shimmering altar of Xom.
  1461 | D:2      | Reached XP level 4. HP: 41/41 MP: 4/4
  1556 | D:2      | Reached skill level 6 in Axes
  2215 | D:3      | Found an ancient bone altar of Kikubaaqudgha.
  2227 | D:3      | Reached XP level 5. HP: 45/47 MP: 5/5
  2403 | D:3      | Reached skill level 5 in Fighting
  2459 | D:3      | Reached skill level 7 in Axes
  2727 | D:3      | Found a shattered altar of Ashenzari.
  2727 | D:3      | Found a sacrificial altar of Ru.
  2728 | D:3      | Found a sparkling altar of Nemelex Xobeh.
  2927 | D:4      | Reached XP level 6. HP: 33/56 MP: 6/6
  3176 | D:4      | Found Oshranacsae's Weapon Shoppe.
  3267 | D:4      | Reached skill level 8 in Axes
  3608 | D:4      | Found a glowing golden altar of the Shining One.
  3660 | D:4      | Reached *** piety under Trog
  3697 | D:4      | Found a blossoming altar of Fedhas.
  4098 | D:4      | Found a hazy altar of Hepliaklqana.
  4513 | D:5      | Entered Level 5 of the Dungeon
  4536 | D:5      | Noticed a phantom
  4544 | D:5      | Reached skill level 9 in Axes
  4544 | D:5      | Reached XP level 7. HP: 29/63 MP: 7/7
  4801 | D:5      | Noticed Pikel
  4846 | D:5      | Killed Pikel
  4846 | D:5      | Reached skill level 11 in Axes
  4846 | D:5      | Reached XP level 8. HP: 73/73 MP: 8/8
  4998 | D:5      | Found a staircase to the Ecumenical Temple.
  5080 | D:5      | Found a burning altar of Makhleb.
  5111 | D:5      | Noticed Edmund
  5116 | D:5      | Noticed Blork the orc
  5128 | D:5      | Killed Edmund
  5133 | D:5      | Killed Blork the orc
  5603 | D:6      | Found Maeru's Book Emporium.
  5968 | D:6      | Found a snail-covered altar of Cheibriados.
  5987 | D:6      | Reached skill level 12 in Axes
  6052 | D:6      | Found a bloodstained altar of Trog.
  6066 | D:6      | Reached XP level 9. HP: 59/82 MP: 9/9
  6435 | D:6      | Reached skill level 13 in Axes
  6861 | D:6      | Found Huegikan's Book Emporium.
  7047 | D:6      | Found Qikhagu's General Store.
  7174 | D:6      | Found a runed door.
  7178 | D:6      | Noticed Crazy Yiuf
  7184 | D:6      | Paralysed by Crazy Yiuf for 7 turns
  7193 | D:6      | Killed Crazy Yiuf
  7740 | D:7      | Reached **** piety under Trog
  7740 | D:7      | Reached skill level 14 in Axes
  7909 | D:7      | Found Moolyurul's Armour Shoppe.
  7934 | D:7      | Found a deep blue altar of Sif Muna.
  7941 | D:7      | Found a shadowy altar of Dithmenos.
  8443 | D:7      | Reached skill level 10 in Fighting
  8576 | D:8      | Reached XP level 10. HP: 88/93 MP: 10/10
  9115 | D:8      | Found a staircase to the Lair.
  9156 | D:8      | Reached skill level 5 in Armour
  9268 | D:8      | Found Caugguvyss's Changing Room.
  9313 | D:8      | Bought 2 mutagenic chunks of flesh for 2 gold pieces
  9314 | D:8      | Gained mutation: Your system is resistant to poisons. (rPois) [mutagenic meat]
  9347 | D:8      | Found Zin's Purification Station.
  9348 | D:8      | Found a glowing silver altar of Zin.
  9669 | D:9      | Noticed a two-headed ogre
  9676 | D:9      | Killed a two-headed ogre
  9676 | D:9      | Reached ***** piety under Trog
  9676 | D:9      | Reached skill level 15 in Axes
 10146 | D:9      | Found a staircase to the Orcish Mines.
 10699 | D:9      | Noticed a two-headed ogre
 10707 | D:9      | Killed a two-headed ogre
 10909 | D:9      | Reached XP level 11. HP: 97/99 MP: 11/11
 11272 | D:10     | Entered Level 10 of the Dungeon
 11312 | D:10     | Found a portal to a secret trove of treasure.
 11508 | D:10     | Noticed a two-headed ogre
 11516 | D:10     | Killed a two-headed ogre
 11614 | D:10     | Gained mutation: You are frail. (-10% HP) [mutagenic meat]
 11615 | D:10     | Gained mutation: You expend magic power (3 MP) to strengthen your wands. [mutagenic meat]
 11616 | D:10     | Lost mutation: You are frail. (-10% HP) [mutagenic meat]
 11617 | D:10     | Gained mutation: You have large cloven feet. [mutagenic meat]
 11677 | D:10     | Received a gift from Trog
 11901 | D:10     | Reached skill level 16 in Axes
 12158 | D:10     | Reached skill level 10 in Armour
 13564 | D:11     | Found a sacrificial altar of Ru.
 14031 | D:11     | Found a basalt altar of Yredelemnul.
 14122 | D:11     | Received a gift from Trog
 14270 | Lair:1   | Entered Level 1 of the Lair of Beasts
 14305 | Lair:1   | Found a frozen archway.
 14343 | IceCv    | Entered an ice cave
 14495 | IceCv    | Reached XP level 12. HP: 15/106 MP: 12/12
 15084 | IceCv    | Killed a death yak
 15110 | IceCv    | Killed a death yak
 15195 | IceCv    | Reached skill level 17 in Axes
 15429 | IceCv    | Reached skill level 1 in Evocations
 15674 | IceCv    | Noticed a death yak
 15674 | IceCv    | Noticed a frost giant
 15688 | IceCv    | Killed a death yak
 15694 | IceCv    | Killed a frost giant
 16416 | Lair:1   | Reached skill level 5 in Evocations
 16873 | Lair:1   | Noticed an eight-headed hydra
 16885 | Lair:1   | Killed a nine-headed hydra
 17094 | Lair:1   | Reached skill level 5 in Dodging
 17253 | Lair:1   | Reached XP level 13. HP: 113/113 MP: 15/17
 17676 | Lair:2   | Found a labyrinth entrance.
 17680 | Lab      | Entered a labyrinth
 18016 | Lab      | Noticed a minotaur
 18023 | Lab      | Killed a minotaur
 18023 | Lab      | Reached skill level 18 in Axes
 18355 | Lab      | Identified Xuapnic's Catalogue of the Mountains and Boosts
 18356 | Lab      | Got a brightly glowing ivory ring
 18358 | Lab      | Identified the ring "Xyulyz" {rPois rC+ rN+} (You found it in a labyrinth)
 18523 | Lair:2   | Found a staircase to the Shoals.
 19148 | Lair:3   | Noticed Fannar
 19194 | Lair:3   | Killed Fannar
 19861 | Lair:3   | Reached skill level 19 in Axes
 20308 | Lair:4   | Found a staircase to the Snake Pit.
 20594 | Lair:4   | Received a gift from Trog
 20947 | Lair:4   | Reached XP level 14. HP: 121/121 MP: 18/18
 21665 | Lair:5   | Found a staircase to the Slime Pits.
 21713 | Lair:5   | Reached skill level 20 in Axes
 22467 | Lair:6   | Entered Level 6 of the Lair of Beasts
 23289 | Lair:6   | Found a runed door.
 24564 | Lair:6   | Reached ****** piety under Trog
 24862 | Lair:6   | Reached XP level 15. HP: 119/134 MP: 19/19
 25548 | Lair:2   | Received a gift from Trog
 25654 | Orc:1    | Entered Level 1 of the Orcish Mines
 25933 | Orc:1    | Found Ujiev's Distillery.
 26116 | Orc:2    | Entered Level 2 of the Orcish Mines
 26294 | Orc:2    | Found a staircase to the Elven Halls.
 26842 | Orc:1    | Found Ackayvo's Jewellery Boutique.
 26843 | Orc:1    | Found Rurcheoc's Antique Weapon Emporium.
 26952 | Orc:1    | Found Zuziudyd's Magic Scroll Shoppe.
 26954 | Orc:1    | Found Opuese Neqi's Armour Boutique.
 27332 | Orc:2    | Found a roughly hewn altar of Beogh.
 27571 | Orc:2    | Found a roughly hewn altar of Beogh.
 28005 | Orc:2    | Received a gift from Trog
 28315 | Orc:2    | Received a gift from Trog
 28751 | Orc:2    | Found a roughly hewn altar of Beogh.
 28797 | Orc:2    | Found a roughly hewn altar of Beogh.
 28799 | Orc:2    | Found Leaxtausoh's Food Shop.
 28879 | Orc:2    | Found a roughly hewn altar of Beogh.
 28880 | Orc:2    | Found Itoluk's Distillery.
 28954 | Orc:2    | Noticed an orc warlord
 29007 | Orc:2    | Killed an orc warlord
 29421 | Orc:2    | Found Ysi Kutz's Antique Armour Shop.
 29422 | Orc:2    | Found a roughly hewn altar of Beogh.
 29423 | Orc:2    | Found Xengi's Antique Weapon Boutique.
 29436 | Orc:2    | Bought a pair of slimy boots for 294 gold pieces
 29436 | Orc:2    | Bought a shiny plate armour for 806 gold pieces
 29441 | Orc:2    | Identified the +2 pair of boots of Mezcal {rC+ Int+2} (You bought it in a shop on level 2 of the Orcish Mines)
 29548 | D:9      | Identified a scroll of acquirement
 31044 | D:13     | Found a gate to the Vaults.
 31459 | D:13     | Received a gift from Trog
 32031 | D:13     | Reached skill level 15 in Fighting
 32031 | D:13     | Reached skill level 10 in Dodging
 32427 | D:14     | Reached XP level 16. HP: 149/149 MP: 20/20
 32661 | D:14     | Found a blossoming altar of Fedhas.
 32785 | D:14     | Found Sogyutos's General Store.
 33306 | D:15     | Entered Level 15 of the Dungeon
 33331 | D:15     | Received a gift from Trog
 33342 | D:15     | Reached skill level 15 in Armour
 33346 | D:15     | Got an encrusted battleaxe {god gift}
 33347 | D:15     | Identified the +10 battleaxe of the Equinox {flame, +Blink Str-4 Int+6 Dex+3} (Trog gifted it to you on level 15 of the Dungeon)
 33475 | D:15     | Noticed Josephine
 33484 | D:15     | Killed Josephine
 33699 | D:15     | Found a staircase to the Depths.
 34335 | D:15     | Found a runed door.
 34404 | D:15     | Noticed a tengu reaver
 34410 | D:15     | Killed a tengu reaver
 34469 | D:15     | Noticed a storm dragon
 34596 | D:15     | Killed a storm dragon
 34784 | Depths:1 | Entered Level 1 of the Depths
 34803 | Depths:1 | Received a gift from Trog
 34812 | Depths:1 | Got a warped battleaxe {god gift}
 34813 | Depths:1 | Identified the +12 battleaxe of Springtime {antimagic, rElec Str+4 Int+4} (Trog gifted it to you on level 1 of the Depths)
 35680 | Depths:1 | Killed from afar by a fire dragon

Skill      XL: |  1  2  3  4  5  6  7  8  9 10 11 12 13 14 15 16 |
---------------+-------------------------------------------------+-----
Fighting       | 4 5 6 7 8 10 12 15 17 | 17.1
Axes           | 5 6 7 9 11 12 14 15 16 17 19 20 | 20.9
Armour         | 8 12 13 14 15 | 15.7
Evocations     | 5 6 |  6.0
Dodging        | 5 7 8 10 | 10.0

Action                   |  1- 3 |  4- 6 |  7- 9 | 10-12 | 13-15 | 16-18 || total
-------------------------+-------+-------+-------+-------+-------+-------++-------
Melee: Hand axe          |   142 |   197 |   217 |       |       |       ||   556
       War axe           |       |       |   167 |   374 |       |       ||   541
       Battleaxe         |       |       |       |   165 |  1200 |   273 ||  1638
       Executioner's axe |       |       |       |   115 |       |       ||   115
       Kick              |       |       |       |   148 |   316 |       ||   464
Invok: Berserk           |       |       |     5 |    12 |    17 |     3 ||    37
       Burn Spellbooks   |       |       |     1 |     1 |     2 |     1 ||     5
       Brothers in Arms  |       |       |       |     3 |     1 |       ||     4
       Trog's Hand       |       |       |       |       |     1 |       ||     1
  Use: Potion            |       |       |     1 |       |     1 |       ||     2
       Scroll            |       |       |     9 |     8 |    17 |     3 ||    37
 Stab: Paralysed         |       |       |       |       |     1 |       ||     1
  Eat: Chunk             |     2 |     8 |    20 |    41 |    62 |    13 ||   146
       Fruit             |       |       |       |     5 |     3 |       ||     8
Armor: Animal skin       |    25 |       |       |       |       |       ||    25
       Chain mail        |    17 |    28 |       |       |       |       ||    45
       Plate armour      |       |    70 |   230 |   499 |   331 |       ||  1130
       Fire dragon scale |       |       |       |       |   170 |    85 ||   255
       Storm dragon scal |       |       |       |       |       |    40 ||    40
Dodge: Dodged            |    97 |    53 |    87 |   284 |   630 |   169 ||  1320
